 Dungeon Crawl Stone Soup version 0.17.0-73-gb648821 (webtiles) character file.

101 Fuzzybunny the Insei (level 4, 0/35 HPs)
             Began as a Draconian Transmuter on Dec 9, 2015.
             Killed by nerve-wracking pain
             ... invoked by an orc priest
              (12 damage)
             ... on level 3 of the Dungeon.
             The game lasted 00:08:20 (2629 turns).

Fuzzybunny the Insei (Draconian Transmuter)         Turns: 2629, Time: 00:08:21

Health: 0/35       AC:  6    Str: 12    XL:     4   Next: 48%
Magic:  8/8        EV: 12    Int: 14    God:
Gold:   133        SH:  0    Dex: 12    Spells: 2 memorised, 4 levels left

rFire  . . .     SeeInvis .       - Unarmed
rCold  . . .     Clarity  .     (armour unavailable)
rNeg   . . .     SustAt   .     (no shield)
rPois  .         Gourm    .     (helmet restricted)
rElec  .         Spirit   .     (no cloak)
rCorr  .         Warding  .     (no gloves)
rMut   .         Stasis   .     g - +0 pair of boots
MR     .....                    (no amulet)
Stlth  +.........               (no ring)
                                (no ring)

@: not resistant to hostile enchantments, very unstealthy
A: unfitting armour, cold-blooded, AC +5
a: no special abilities


You were on level 3 of the Dungeon.
You were very hungry.

You visited 1 branch of the dungeon, and saw 4 of its levels.

You collected 133 gold pieces.

Inventory:

Missiles
 a - 12 arrows
Armour
 g - a +0 pair of boots (worn)
Jewellery
 m - a cursed amulet of inaccuracy {unknown}
Wands
 j - a wand of frost (15)
Scrolls
 h - a scroll of identify
 i - a scroll of amnesia
 l - 2 scrolls of recharging
Potions
 d - a potion of flight {unknown}
 e - a potion of curing {unknown}
 k - a potion of agility
Books
 b - a book of Changes

   Spells                             Type                      Level
   a - Beastly Appendage              Transmutation                1
   b - Sticks to Snakes               Transmutation                2
   c - Spider Form                    Transmutation/Poison         3
   d - Ice Form                       Ice/Transmutation            4
   e - Blade Hands                    Transmutation                5
Comestibles
 c - a bread ration
 n - a royal jelly
 o - a meat ration


   Skills:
 + Level 1.4 Fighting
 + Level 2.3 Dodging
 + Level 1.0 Stealth
 + Level 3.7 Unarmed Combat
 + Level 2.6 Spellcasting
 * Level 2.7 Transmutations


You had 4 spell levels left.
You knew the following spells:

 Your Spells              Type           Power        Failure   Level  Hunger
a - Beastly Appendage     Trmt           #.....       10%         1    #......
b - Spider Form           Trmt/Pois      #.........   38%         3    ###....


Dungeon Overview and Level Annotations

Branches:
Dungeon (4/15)
 Temple: D:4-7

Altars:

Annotations:
D:2 Crazy Yiuf


Innate Abilities, Weirdness & Mutations

Your plain brown scales are hard (AC +5).
Your body does not fit into most forms of armour.
You are cold-blooded and may be slowed by cold attacks.


Message History

The orc hits you with a vampiric short sword.
The orc priest barely misses you.
You hit the orc priest but do no damage.
The orc priest is severely wounded.
The orc hits you with a vampiric short sword.
The orc priest barely misses you.
You closely miss the orc priest.
The orc priest is severely wounded.
The orc closely misses you.
You hit the orc priest.
You tail-slap the orc priest, but do no damage.
The orc priest is almost dead.
The orc priest hits you but does no damage.
The orc barely misses you.
You closely miss the orc priest.
You tail-slap the orc priest, but do no damage.
The orc priest is almost dead.
The orc priest mumbles some strange prayers to Beogh against you.
Pain shoots through your body!
You die...

#.......#####.####.......
.....#### #.# ###....
#..### #.# #.. #.## #.#
### . #.## ##.# #.. ...##
#..# .. ....## ###.### .#
.....# ##.....##o# .....#
##......o@.#
.....###.......#.##
.(.......#######.#
.†...##### ..# .)...# .#.
.....# ## . ....## ##
...## ####


You could see an orc priest and an orc.

Vanquished Creatures
  Natasha (twice) (D:2)
  3 adders
  A worm (D:2)
  5 bats
  6 giant cockroaches
  5 goblins
  5 hobgoblins
  3 jackals (D:1)
  2 giant newts
  5 kobolds
  3 rats
40 creatures vanquished.

Notes
Turn   | Place    | Note
--------------------------------------------------------------
     0 | D:1      | Fuzzybunny the Draconian Transmuter began the quest for the Orb.
     0 | D:1      | Reached XP level 1. HP: 16/16 MP: 3/3
   293 | D:1      | Reached XP level 2. HP: 18/23 MP: 5/5
  1467 | D:2      | Reached XP level 3. HP: 28/28 MP: 6/6
  1484 | D:2      | Learned a level 3 spell: Spider Form
  1501 | D:2      | Noticed Crazy Yiuf
  2208 | D:2      | Noticed Natasha
  2220 | D:2      | Killed Natasha
  2220 | D:2      | Reached skill level 1 in Stealth
  2220 | D:2      | Reached XP level 4. HP: 18/35 MP: 5/7
  2286 | D:2      | Noticed Natasha
  2296 | D:2      | Killed Natasha
  2629 | D:3      | Killed from afar by an orc priest

Action                   |  1- 3 |  4- 6 || total
-------------------------+-------+-------++-------
Melee: Unarmed           |   119 |    35 ||   154
 Cast: Beastly Appendage |    18 |     4 ||    22
  Use: Scroll            |     4 |       ||     4
       Potion            |     1 |       ||     1
  Eat: Chunk             |     2 |       ||     2
       Fruit             |     2 |     1 ||     3
